 Dungeon Crawl Stone Soup version 0.18-a0-1805-g8ab820f (webtiles) character file.

140 varam the Poker (level 5, -4/45 HPs)
             Began as a Centaur Gladiator on Apr 26, 2016.
             Slain by an ogre
             ... wielding a +0 giant club
              (8 damage)
             ... on level 4 of the Dungeon.
             The game lasted 00:05:08 (2482 turns).

varam the Poker (Centaur Gladiator)                 Turns: 2482, Time: 00:05:09

Health: -4/45      AC:  5    Str: 19    XL:     5   Next: 2%
Magic:  5/5        EV: 10    Int:  7    God:
Gold:   65         SH:  0    Dex:  9    Spells: 0 memorised, 4 levels left

rFire  . . .     SeeInvis .     a - +0 trident
rCold  . . .     Gourm    .     b - +0 leather armour
rNeg   . . .     Faith    .     (no shield)
rPois  .         Spirit   .     c - +0 helmet
rElec  .         Dismiss  .     (no cloak)
rCorr  .         Reflect  .     (no gloves)
SustAt .         Harm     .     (no barding)
MR     .....                    (no amulet)
Stlth  ..........               (no ring)
                                (no ring)

@: very quick, not resistant to hostile enchantments, extremely unstealthy
A: hooves 3, deformed body, speed 2, tough skin 3
a: no special abilities


You were on level 4 of the Dungeon.
You were not hungry.

You visited 1 branch of the dungeon, and saw 5 of its levels.

You collected 65 gold pieces.

Inventory:

Hand Weapons
 a - a +0 trident (weapon)
Missiles
 d - 4 throwing nets (quivered)
Armour
 b - a +0 leather armour (worn)
 c - a +0 helmet (worn)
 e - a +0 shield
Jewellery
 m - a +3 ring of evasion {unknown}
Scrolls
 h - a scroll of remove curse {unknown}
 k - 2 scrolls of enchant armour {unknown}
 l - 2 scrolls of blinking {unknown}
 n - a scroll of fog {unknown}
 p - a scroll of recharging {unknown}
 r - 5 scrolls of identify {unknown}
Potions
 g - 2 potions of mutation {unknown}
 o - a potion of curing {unknown}
 q - a potion of beneficial mutation {unknown}
 s - a potion of might {unknown}
 t - 2 potions of brilliance {unknown}
Comestibles
 f - a chunk of flesh
 j - 2 meat rations


   Skills:
 + Level 3.4 Fighting
 + Level 3.6 Polearms
 - Level 2.3 Throwing
 + Level 2.9 Dodging


You had 4 spell levels left.
You didn't know any spells.

Dungeon Overview and Level Annotations

Branches:
Dungeon (5/15)
 Temple: D:4-7

Altars:

Annotations:
D:2 Crazy Yiuf
D:3 Blork the orc


Innate Abilities, Weirdness & Mutations

You have hooves in place of feet.
Armour fits poorly on your strangely shaped body.
You cover ground very quickly.
You have extremely tough skin (AC +3).


Message History

You closely miss the giant frog.
The giant frog is moderately wounded.
The giant frog hits you.
* * * LOW HITPOINT WARNING * * *
The giant frog hits you but does no damage.
There is an open door here.
The giant frog closely misses you.
You open the door.
The giant frog hits you but does no damage.
There is an open door here.
You open the door. The giant frog hits you.
* * * LOW HITPOINT WARNING * * *
The giant frog barely misses you.
There is an open door here.
The ogre shouts!
The giant frog barely misses you.
You hit the ogre. Your kick misses the ogre.
The ogre is moderately wounded.
The giant frog barely misses you. The ogre hits you with a giant club!
You die...

..#+####....
...........#########
...........'.......#
...........#..)....#
...........#.......#
...........#.......# .
..........###.###.# ..
####..O.#########'###..
#..@.#......#.......
#..F.# ....#.......
#....### #..##..####
#......###..##..##..
#......'....'....#..
#......#....#....'..
#......###..##...#..
###......#'###..##..
#......#......####


You could see an ogre and a giant frog.

Vanquished Creatures
  2 hounds
  A hound skeleton (D:4)
  2 adders (D:5)
  A worm (D:1)
  A dart slug (D:2)
  A giant gecko (D:4)
  3 bats (D:1)
  A giant cockroach (D:2)
  10 goblins
  4 hobgoblins
  8 jackals
  4 kobolds
  2 giant newts
  3 rats
43 creatures vanquished.

Vanquished Creatures (others)
  A jackal (D:3)
1 creature vanquished.

Grand Total: 44 creatures vanquished

Notes
Turn   | Place    | Note
--------------------------------------------------------------
     0 | D:1      | varam the Centaur Gladiator began the quest for the Orb.
     0 | D:1      | Reached XP level 1. HP: 17/17 MP: 1/1
    73 | D:1      | Reached XP level 2. HP: 15/25 MP: 2/2
   478 | D:1      | Reached XP level 3. HP: 30/30 MP: 3/3
  1215 | D:2      | Noticed Crazy Yiuf
  1288 | D:3      | Noticed Blork the orc
  1298 | D:3      | You fall through a shaft!
  1744 | D:4      | Reached XP level 4. HP: 30/38 MP: 4/4
  1821 | D:4      | Noticed an ogre
  1876 | D:5      | Entered Level 5 of the Dungeon
  1989 | D:5      | Reached XP level 5. HP: 28/45 MP: 5/5
  2459 | D:4      | HP: 2/45 [giant frog (4)]
  2482 | D:4      | Slain by an ogre

Vault maps used:
D:1:      dpeg_arrival_pits, serial_forest, infiniplex_forest_clump_cross,
          infiniplex_forest_zigzag_1, infiniplex_forest_lined_ring,
          infiniplex_forest_clump_curved, infiniplex_forest_straight_3,
          infiniplex_forest_clump_C, infiniplex_forest_straight_3,
          minmay_misc_feat_cross
D:2:      kennysheep_generic_room_11, uniq_crazy_yiuf_cottage
D:3:      tgw_sif, vehumet_crystals, hangedman_decor_peaks_small,
          kennysheep_generic_room_14
D:4:      minmay_temple_entry_butterflies, nicolae_gozag_seed_capital
D:5:      first_bread, nicolae_ru_the_path_less_chosen

Skill      XL: |  1  2  3 |
---------------+----------+-----
Polearms       | 3 |  3.6
Fighting       | 3 |  3.4
Throwing       | |  2.3
Dodging        | |  2.9

Action                   |  1- 3 |  4- 6 || total
-------------------------+-------+-------++-------
Melee: Trident           |   113 |    37 ||   150
       Kick              |    24 |     7 ||    31
 Stab: Distracted        |       |     1 ||     1
  Eat: Bread ration      |     1 |       ||     1
       Chunk             |     1 |       ||     1
Armor: Leather armour    |    30 |    17 ||    47
Dodge: Dodged            |    45 |    30 ||    75
Block: Shield            |     2 |       ||     2
